 Dungeon Crawl Stone Soup version 0.26-a0-835-g8259106e14 (webtiles) character file.

Game seed: 5747015778203582816

150 Baz the Sneak (level 5, -1/25 HPs)
             Began as a Felid Wanderer on Nov 17, 2020.
             Was a Follower of Uskayaw.
             Killed by divine providence
             ... invoked by an orc priest
              (10 damage)
             ... on level 4 of the Dungeon.
             The game lasted 00:14:45 (7490 turns).

Baz the Sneak (Felid Wanderer)                      Turns: 7490, Time: 00:14:46

Health: -1/25      AC:  1    Str:  6    XL:     5   Next: 10%
Magic:  6/6        EV: 19    Int: 15    God:    Uskayaw [*.....]
Gold:   71         SH:  0    Dex: 17    Spells: 4/4 levels left
                                        Lives:  0   Deaths: 1

rFire    . . .     SeeInvis +     - Unarmed
rCold    . . .     Faith    .   (shield unavailable)
rNeg     + . .     Spirit   .   (armour unavailable)
rPois    .         Reflect  .   (helmet unavailable)
rElec    .         Harm     .   (cloak unavailable)
rCorr    .         Rampage  .   (gloves unavailable)
MR       .....                  (boots unavailable)
Stlth    ++++......             (no amulet)
HPRegen  0.08/turn              k - ring of positive energy
MPRegen  0.10/turn              (no ring)

@: quick
A: very small, no armour, no weapons or thrown items, stealth, claws 1, fangs 3,
see invisible, speed 1, shaggy fur 1, sharp paws
a: Stomp, Renounce Religion


You were on level 4 of the Dungeon.
You worshipped Uskayaw.
Uskayaw was noncommittal.
You visited 2 branches of the dungeon, and saw 7 of its levels.

You collected 167 gold pieces.
You spent 96 gold pieces at shops.

Inventory:

Jewellery
 k - a ring of positive energy (left paw)
Wands
 o - a wand of flame (15)
Scrolls
 a - a scroll of blinking
 b - 3 scrolls of identify {unknown}
 c - a scroll of teleportation
 d - a scroll of fear
 e - 2 scrolls of enchant weapon {unknown}
 f - a scroll of remove curse
 i - a scroll of random uselessness {unknown}
 j - a scroll of immolation {unknown}
 m - 2 scrolls of amnesia {unknown}
Potions
 g - a potion of attraction {unknown}
 h - 3 potions of heal wounds {unknown}
 l - 2 potions of ambrosia {unknown}
 n - a potion of degeneration {unknown}


   Skills:
 + Level 3.6 Fighting
 + Level 3.8 Dodging
 + Level 5.9 Stealth
 - Level 2.8 Unarmed Combat
 * Level 1.2 Invocations
 + Level 1.2 Evocations


You had 4 spell levels left.
You didn't know any spells.
Your spell library was empty.

Dungeon Overview and Level Annotations

Branches:
Dungeon (6/15)             Temple (1/1) D:4

Altars:
Ashenzari
Cheibriados
Elyvilon
Fedhas
Gozag
Hepliaklqana
Kikubaaqudgha
Makhleb
Nemelex Xobeh
Okawaru
Qazlal
Ru
Sif Muna
Trog
Uskayaw
Vehumet
Wu Jian
Xom
Yredelemnul
Zin
The Shining One

Shops:
D:4 *

Annotations:
D:2 exclusions: 2 adders, goblin and 3 rats
D:5 exclusions: downstairs, orc, orc priest and 2 more exclusions


Innate Abilities, Weirdness & Mutations

You cannot wear armour.
You are incapable of wielding weapons or throwing items.
Your paws allow you to move quietly. (Stealth)
You have sharp claws.
You have razor-sharp teeth.
You have supernaturally acute eyesight. (SInv)
You cover ground quickly.
You are covered in fur. (AC +1)
Your sharp claws are effective at attacking unaware monsters.


Message History

Evoke which item? (* to show all) (? for menu, Esc to quit)
Aiming: Throw Flame
Press: ? - help, Shift-Dir - straight line, f/p - worker ant
Aim: a worker ant (severely wounded)
The puff of flame hits the worker ant.
You kill the worker ant!
You can now pass through a line of other dancers.
You have reached level 5!
You feel clever.
An orc comes into view. It is wielding a +0 hand axe.
You see here a worker ant corpse.
You can no longer pass through a line of other dancers.
The orc shouts! x2
The orc priest calls down the wrath of Beogh upon you.
Beogh smites you!
Ouch! That really hurt!
You hear a shout!
The orc priest invokes the aid of Beogh against you.
Beogh smites you!
You die...

#.....# #.###.# #.# #.# ######.#
#.# ###### #......###.# #....#
#####.###....#.# #.##.# #.....#
#....#.# #.##.#
########.#######....#.# #.##.#
........o.......@...#.####.##.#
###.........>##.#.#.#......##.#
.........o...##.#.#.#.#######.#
..............#.#.#.#..##...#.#
...o..........#+#...#..##.#.#.#
.....########.............#...###
..oo.# #....###.#.####.#....
.....# #.....##...<....#####
.....# #†....###############


You could see an orc priest.

Vanquished Creatures
  A howler monkey (Temple)
  A worker ant (D:4)
  Robin (D:2)
  4 adders
  An ooze (D:1)
  A dart slug (D:2)
  2 leopard geckos
  4 orcs
  A ball python (D:1)
  4 bat skeletons (D:3)
  3 bat zombies (D:3)
  2 giant cockroaches
  15 goblins
  7 hobgoblins
  8 jackals
  2 kobolds
  2 quokkas
  2 bats
  3 frilled lizards
  A jackal skeleton (D:4)
  4 rats
69 creatures vanquished.

Vanquished Creatures (others)
  4 toadstools (D:1)
4 creatures vanquished.

Grand Total: 73 creatures vanquished

Notes
Turn   | Place    | Note
-------+----------+-------------------------------------------
     0 | D:1      | Baz the Felid Wanderer began the quest for the Orb.
     0 | D:1      | Baz set off with the following items: a scroll of blinking,
                  | a scroll of fear, a scroll of teleportation, a potion of
                  | curing
     0 | D:1      | Reached XP level 1. HP: 10/10 MP: 2/2
   705 | D:1      | Reached XP level 2. HP: 7/14 MP: 3/3
  2175 | D:2      | Found an opulent altar of Gozag.
  2408 | D:2      | Reached XP level 3. HP: 17/17 MP: 4/4
  2443 | D:2      | You fall into a shaft and drop 1 floor!
  2819 | D:2      | Noticed Robin
  3031 | D:2      | Killed Robin
  3032 | D:2      | Reached skill level 5 in Stealth
  4090 | D:3      | Reached XP level 4. HP: 21/21 MP: 5/5
  4448 | D:3      | HP: 1/21 [poisoned by an adder]
  4451 | D:3      | Succumbed to an adder's poison
  4452 | D:3      | Reached XP level 3. HP: 0/17 MP: 4/4
  4606 | D:3      | Found an ancient bone altar of Kikubaaqudgha.
  5321 | D:4      | You fall into a shaft and drop 2 floors!
  5330 | D:5      | Entered Level 5 of the Dungeon
  5507 | D:5      | Reached XP level 4. HP: 21/21 MP: 5/5
  5643 | D:4      | Found a staircase to the Ecumenical Temple.
  5653 | Temple   | Entered the Ecumenical Temple
  6008 | Temple   | Became a worshipper of Uskayaw the Reveller
  6077 | Temple   | Reached * piety under Uskayaw
  6078 | Temple   | Reached ** piety under Uskayaw
  6388 | D:3      | Found a shimmering blue altar of Sif Muna.
  6756 | D:3      | Reached skill level 1 in Invocations
  7193 | D:4      | Found a bloodstained altar of Trog.
  7193 | D:4      | Found a hazy altar of Hepliaklqana.
  7197 | D:4      | Found a broken altar of Ashenzari.
  7239 | D:4      | Found Qoxopluo's Assorted Antiques.
  7255 | D:4      | Bought a curved glass wand for 96 gold pieces
  7461 | D:4      | Reached XP level 5. HP: 25/25 MP: 6/6
  7490 | D:4      | Killed from afar by an orc priest

Illustrated notes

Levels and vault maps discovered:
D:1:      ldierk_water_garden, layout_loops_corners
D:2:      minmay_wonky_spiral, layout_loops_ring, nicolae_gozag_seed_capital,
          minmay_fractal_squares_5, uniq_robin
D:3:      layout_basic, kennysheep_vampire_church, lemuel_round_altar
D:4:      layout_basic, gammafunk_temple_overflow_forgotten,
          minmay_temple_entry_mini_moons, serial_shops,
          nicolae_shop_overgrown_old_shop, gammafunk_ghost_smash,
          grunt_ministairs_15
D:5:      layout_basic, nemelex_altar_shiori
D:6:      layout_cave_pools
Temple:   regret_index_temple_generic_petals

Skill      XL: |  1  2  3  4 |
---------------+-------------+-----
Dodging        | 2 3 |  3.8
Stealth        | 5 |  5.9
Invocations    | 1 |  1.2
Fighting       | |  3.6
Unarmed Combat | |  2.8
Evocations     | |  1.2

Action                   |  1- 3 |  4- 6 || total
-------------------------+-------+-------++-------
Melee: Unarmed           |   215 |    58 ||   273
       Bite              |    11 |     4 ||    15
       Punch             |     2 |     1 ||     3
Evoke: Wand              |       |     3 ||     3
  Use: Scroll            |     2 |       ||     2
       Potion            |     1 |     2 ||     3
 Stab: Sleeping          |    12 |     1 ||    13
       Distracted        |     1 |       ||     1
       Invisible         |       |     1 ||     1
Armor: Skin              |    10 |     3 ||    13
Dodge: Dodged            |   187 |    55 ||   242

Table legend: (Time is in decaauts)
 A = Elapsed time spent in this place.
 B = Non-inter-level travel time spent in this place.
 C = Inter-level travel time spent in this place.
 D = Time resting spent in this place.
 E = Time spent auto-exploring this place.
 F = Levels seen in this place.
 G = Mean time per level.
                   A        B        C        D        E       F      G
               +--------+--------+--------+--------+--------+-----+--------+
         Total |   6676 |   6575 |    101 |   2884 |   1645 |   7 |  953.7 |
       Dungeon |   6188 |   6107 |     81 |   2711 |   1500 |   6 | 1031.3 |
        Temple |    488 |    468 |     20 |    173 |    145 |   1 |  488.0 |
               +--------+--------+--------+--------+--------+-----+--------+

Top non-repeatable levels by time:
     D:3: 2031 daAuts
     D:1: 1963 daAuts
     D:2: 1480 daAuts
     D:4: 504 daAuts
  Temple: 488 daAuts
     D:5: 186 daAuts
     D:6: 22 daAuts
